 Dungeon Crawl Stone Soup version 0.20-a0-903-g7e3609c (webtiles) character file.

16 Rrauwl the Cudgeler (level 2, -1/28 HPs)
             Began as a Troll Gladiator on Mar 21, 2017.
             Killed from afar by a bat (24 damage)
             ... with an exploding inner flame
             ... hexed by the player character
             ... on level 1 of the Dungeon.
             The game lasted 00:02:21 (246 turns).

Rrauwl the Cudgeler (Troll Gladiator)                Turns: 246, Time: 00:02:22

Health: -1/28      AC:  5    Str: 21    XL:     2   Next: 37%
Magic:  1/1        EV: 10    Int:  4    God:
Gold:   13         SH:  0    Dex: 11    Spells: 1/1 levels left

rFire    . . .     SeeInvis .   a - +0 flail
rCold    . . .     Gourm    +   b - +0 robe
rNeg     . . .     Faith    .   (no shield)
rPois    .         Spirit   .   c - +0 hat
rElec    .         Reflect  .   (no cloak)
rCorr    .         Harm     .   (gloves unavailable)
MR       .....                  (boots unavailable)
Stlth    +.........             k - amulet of inaccuracy (curse)
Regen    0.5/turn               (no ring)
MPRegen  0.1/turn               (no ring)

@: no status effects
A: unfitting armour, claws 3, fast metabolism 3, gourmand, regeneration 1,
shaggy fur 1, tough skin 2
a: no special abilities


You were on level 1 of the Dungeon.
You were very full.

You visited 1 branch of the dungeon, and saw 1 of its levels.

You collected 13 gold pieces.

Inventory:

Hand Weapons
 a - a +0 flail (weapon)
Missiles
 d - 3 throwing nets (quivered)
Armour
 b - a +0 robe (worn)
 c - a +0 hat (worn)
Jewellery
 k - a cursed amulet of inaccuracy (around neck)
Scrolls
 e - a scroll of teleportation
 g - 2 scrolls of identify
Comestibles
 f - 2 bread rations
 h - a meat ration
 j - 3 chunks of flesh


   Skills:
 + Level 1.7 Fighting
 + Level 3.0 Maces & Flails
 + Level 2.1 Throwing
 + Level 2.5 Dodging


You had one spell level left.
You didn't know any spells.

Dungeon Overview and Level Annotations

Branches:
Dungeon (1/15)

Altars:


Innate Abilities, Weirdness & Mutations

You are too large for most types of armour.
You have claws for hands.
Your metabolism is lightning-fast.
You like to eat raw meat.
Your natural rate of healing is unusually fast.
You are covered in fur. (AC +1)
You have very tough skin. (AC +2)


Message History

You sock the hobgoblin!
You kill the hobgoblin!
The bat hits you but does no damage. The bat hits you.
You see here a club.
A bat is nearby!
You closely miss the bat.
The hobgoblin shouts!
The bat hits you but does no damage.
The hobgoblin hits the plant but does no damage.
The hobgoblin hits the plant but does no damage.
You barely miss the bat. The bat hits you but does no damage.
The hobgoblin hits the plant but does no damage.
The hobgoblin hits the plant but does no damage.
The bat hits you but does no damage.
You hit the bat.
The bat explodes!
The fiery explosion engulfs you!
Ouch! That really hurt!
You die...

#####..........†.......#
#####..........†.......#
...##..........#.......#
#.............#..######
##.............#..###
...##..........#....#
..............§#.##.##
...
...÷.#####....§.§....#
.... .#...#
####.##§§@....####.....
.....#
#.....[................
###..#


#PPPPPPPPPPPPPPPPP..... ###....#PPPPPP..<..PPPPPP.....
.###.#..PPPP..PPPPP..PPPP..... ...#....PPP.PPP...PPP.PPP....#
##.####.PPP.PP.PPP.PP.PPP....# #..###.PP.PP.PPgPP.PP.PP....#
##..##.PP.P.PP.P.PP.P.PP....# You could see a hobgoblin.

Vanquished Creatures
  A dart slug (D:1)
  A leopard gecko (D:1)
  2 giant cockroaches (D:1)
  A goblin (D:1)
  A hobgoblin (D:1)
  2 bats (D:1)
  A frilled lizard (D:1)
  A kobold (D:1)
  3 rats (D:1)
13 creatures vanquished.

Notes
Turn   | Place    | Note
-------+----------+-------------------------------------------
     0 | D:1      | Rrauwl the Troll Gladiator began the quest for the Orb.
     0 | D:1      | Reached XP level 1. HP: 19/19 MP: 0/0
   137 | D:1      | Reached skill level 3 in Maces & Flails
   137 | D:1      | Reached XP level 2. HP: 28/28 MP: 1/1
   246 | D:1      | Killed from afar by a bat

Vault maps used:
D:1:      roderic_crop_circles_arrival_small

Skill      XL: |  1 |
---------------+----+-----
Throwing       | 2 |  2.1
Maces & Flails | 3 |  3.0
Fighting       | |  1.7
Dodging        | |  2.5

Action                   || total
-------------------------++-------
Melee: Flail             ||    88
  Use: Scroll            ||     2
  Eat: Chunk             ||     7
Armor: Robe              ||    65
Dodge: Dodged            ||    67
